 Dungeon Crawl Stone Soup version 0.25-a0-661-g55ea3d2053 (webtiles) character file.

Game seed: 17998808812219553662, levelgen mode: deterministic

282 Amnesiac the Cleaver (level 6, 0/51 HPs)
             Began as a Hill Orc Fighter on Mar 23, 2020.
             Was an Initiate of Beogh.
             Slain by a gnoll (7 damage)
             ... on level 3 of the Dungeon.
             The game lasted 00:03:06 (1203 turns).

Amnesiac the Cleaver (Hill Orc Fighter)             Turns: 1203, Time: 00:03:07

Health: 0/51       AC:  6    Str: 21    XL:     6   Next: 28%
Magic:  6/6        EV:  8    Int:  8    God:    Beogh [......]
Gold:   85         SH:  9    Dex: 10    Spells: 5/5 levels left

rFire    . . .     SeeInvis .   a - +0 war axe
rCold    + . .     Gourm    .   c - +0 kite shield
rNeg     . . .     Faith    .   k - +2 leather armour {rPois}
rPois    +         Spirit   .   (no helmet)
rElec    .         Reflect  .   (no cloak)
rCorr    .         Harm     .   (no gloves)
MR       .....                  g - +0 pair of boots
Stlth    +.........             s - amulet of the acrobat
HPRegen  0.17/turn              t - ring of protection from cold
MPRegen  0.10/turn              (no ring)

@: mighty
A: no striking features
a: Renounce Religion


You were on level 3 of the Dungeon.
You worshipped Beogh.
Beogh was noncommittal.
You were not hungry.

You visited 1 branch of the dungeon, and saw 4 of its levels.

You collected 85 gold pieces.

Inventory:

Hand Weapons
 a - a +0 war axe (weapon)
 m - a +1 dagger of pain
 v - a +1 hunting sling of flaming
Missiles
 u - 4 boomerangs (quivered)
Armour
 b - a +0 scale mail
 c - a +0 kite shield (worn)
 g - a +0 pair of boots (worn)
 k - a +2 leather armour of poison resistance (worn)
 q - a cursed +0 leather armour
Jewellery
 s - an amulet of the acrobat (around neck)
 t - a ring of protection from cold (left hand)
Scrolls
 h - 3 scrolls of teleportation {!r, unknown}
 i - a scroll of random uselessness {!r, unknown}
 j - a scroll of magic mapping {!r, unknown}
 l - 4 scrolls of blinking {!r, unknown}
 p - a scroll of remove curse {!r, unknown}
 r - a scroll of identify {!r, unknown}
Potions
 o - a potion of haste {!q, unknown}
Comestibles
 f - a ration
 n - 9 chunks of flesh


   Skills:
 - Level 3.6 Fighting
 * Level 8.5 Axes
 - Level 3.2 Armour
 - Level 3.2 Shields


You had 5 spell levels left.
You didn't know any spells.
Your spell library was empty.

Dungeon Overview and Level Annotations

Branches:
Dungeon (4/15)
 Temple: D:4-7

Altars:


Message History

The hound barks!
You hear a shout!
The hound pauses to sniff the ground.
You hit the hound.
The hound is moderately wounded.
The hound bites you.
* * * LOW HITPOINT WARNING * * *
The hound closely misses you.
You barely miss the hound.
The hound is moderately wounded.
The hound bites you.
* * * LOW HITPOINT WARNING * * *
You miss the hound.
The hound is moderately wounded.
The hound barely misses you. You block the hound's attack.
You closely miss the hound.
The hound is moderately wounded.
The hound closely misses you. You block the hound's attack.
You barely miss the hound.
The hound is moderately wounded.
The hound bites you but does no damage. The hound bites you.
* * * LOW HITPOINT WARNING * * *
You closely miss the hound.
The hound is moderately wounded.
You block the hound's attack. The hound barely misses you.
You miss the hound.
The hound is moderately wounded.
The hound bites you.
* * * LOW HITPOINT WARNING * * *
You barely miss the hound.
The hound is moderately wounded.
The hound bites you.
* * * LOW HITPOINT WARNING * * *
The hound bites you.
* * * LOW HITPOINT WARNING * * *
Really quaff
d - a potion of might {!q}?
You feel very mighty all of a sudden. The hound bites you.
* * * LOW HITPOINT WARNING * * *
You slice the hound!!
You kill the hound!
Beogh accepts your kill.
An ogre comes into view. It is wielding a +0 giant club.
You see here a hound corpse.
You butcher the hound corpse.
The ogre shouts!
n - 9 chunks of flesh (gained 1)
You see here a hound skeleton.
Throwing (i - inventory)
u - 4 boomerangs (quivered)
Press: ? - help, Shift-Dir - straight line, f - ogre
Aim: an ogre, wielding a +0 giant club You throw a boomerang.
The boomerang hits the ogre.
The ogre is lightly wounded.
You see here an adder skeleton.
There is a stone staircase leading up here.
You climb upwards.
There is a stone staircase leading down here.
You see here a bat skeleton.
The gnoll misses you.
Things that are here:
a +0 leather armour; a +0 falchion; the human skeleton of Eustachio You hit the gnoll.
The gnoll is lightly wounded.
The gnoll hits you!
You die...

########## #.@.......
#g######## #.# #g# #.#
##g#####
#####..[...#####.######
#...(...>..........g..#
#.###..###.........w..##


You could see 3 gnolls.

Vanquished Creatures
  Eustachio (D:3)
  A hound (D:4)
  An orc wizard (D:4)
  A worker ant (D:4)
  2 gnolls
  2 adders
  A dart slug (D:1)
  A leopard gecko (D:1)
  2 orcs (D:4)
  A bat (D:3)
  3 goblins
  3 hobgoblins
  2 jackals (D:3)
  2 kobolds (D:1)
  A quokka (D:2)
  A ball python (D:2)
  2 frilled lizards (D:2)
  3 rats
30 creatures vanquished.

Notes
Turn   | Place    | Note
-------+----------+-------------------------------------------
     0 | D:1      | Amnesiac the Hill Orc Fighter began the quest for the Orb.
     0 | D:1      | Reached XP level 1. HP: 19/19 MP: 1/1
   144 | D:1      | Reached skill level 3 in Axes
   187 | D:1      | Reached XP level 2. HP: 13/26 MP: 2/2
   196 | D:1      | Reached skill level 4 in Axes
   448 | D:1      | Reached XP level 3. HP: 29/31 MP: 3/3
   760 | D:3      | Reached skill level 5 in Axes
   975 | D:4      | Noticed Eustachio
  1001 | D:4      | Reached XP level 4. HP: 32/39 MP: 4/4
  1033 | D:3      | Killed Eustachio
  1033 | D:3      | Reached skill level 7 in Axes
  1033 | D:3      | Reached XP level 5. HP: 29/45 MP: 5/5
  1069 | D:4      | Reached skill level 8 in Axes
  1134 | D:4      | Reached XP level 6. HP: 44/51 MP: 6/6
  1148 | D:4      | Became a worshipper of Beogh the Brigand
  1178 | D:4      | HP: 2/51 [hound (1)]
  1203 | D:3      | Slain by a gnoll

Levels and vault maps discovered:
D:1:      erik_arrival_cave_to_civilisation [erik_arrival_cave_to_hall],
          layout_loops_ring, minmay_three_crescents
D:2:      cheibrodos_helix_gallery, layout_basic, first_ration,
          chequers_ecumenical_altar_simple_redux, kennysheep_boxes
D:3:      layout_loops_ring
D:4:      layout_loops_cross, lemuel_round_altar, minmay_temple_entry_hall,
          uniq_eustachio, uniq_blork_the_orc

Skill      XL: |  1  2  3  4  5 |
---------------+----------------+-----
Axes           | 3 4 5 7 8 |  8.5
Fighting       | |  3.6
Armour         | |  3.2
Shields        | |  3.2

Action                   |  1- 3 |  4- 6 || total
-------------------------+-------+-------++-------
Melee: War axe           |    84 |    48 ||   132
Throw: Boomerang         |       |     1 ||     1
Invok: Convert to Beogh  |       |     1 ||     1
  Use: Potion            |       |     3 ||     3
  Eat: Chunk             |       |     1 ||     1
Armor: Scale mail        |    14 |       ||    14
       Leather armour    |    12 |    23 ||    35
Dodge: Dodged            |    29 |    33 ||    62
Block: Kite shield       |    47 |    35 ||    82

Table legend:
 A = Non-vault XP
 B = Vault XP
 C = Vault XP percentage of total XP
 D = Non-vault monster count
 E = Vault monster count
 F = Vault count percentage of total count
                 A         B        C        D         E       F
            +---------+---------+-------+---------+---------+-------
      Total |     182 |     221 |  54.8 |      23 |       7 |  23.3
            +---------+---------+-------+---------+---------+-------
        D:1 |       9 |      25 |  73.5 |       5 |       6 |  54.5
        D:2 |       5 |       0 |   0.0 |       4 |       0 |   0.0
        D:3 |      24 |     196 |  89.1 |       7 |       1 |  12.5
        D:4 |     144 |       0 |   0.0 |       7 |       0 |   0.0
            +---------+---------+-------+---------+---------+-------
